 Dungeon Crawl Stone Soup version 0.30-a0-953-g5f1da4a474 (webtiles) character file.

Game seed: 16819662021498158157

171 voltaire321 the Digger (level 5, -6/38 HPs)
             Began as a Demonspawn Earth Elementalist on Mar 29, 2023.
             Mangled by an orc priest
             ... wielding a +0 hand axe
              (7 damage)
             ... on level 3 of the Dungeon.
             The game lasted 00:06:12 (2476 turns).

voltaire321 the Digger (DsEE)                       Turns: 2476, Time: 00:06:12

Health: -6/38      AC:  3    Str: 10    XL:     5   Next: 26%
Magic:  5/9        EV: 12    Int: 16    God:
Gold:   76         SH:  0    Dex: 14    Spells: 3/9 levels left

rFire   . . .      SeeInvis .    f - +3 short sword
rCold   . . .      Faith    .    (no shield)
rNeg    . . .      Spirit   .    a - +0 robe
rPois   +          Reflect  .    d - +0 helmet
rElec   .          Rampage  .    (no cloak)
rCorr   .                        (no gloves)
Will    .....                    (no boots)
Stlth   ++                       (no amulet)
HPRegen 0.26/turn                g - ring of wizardry
MPRegen 0.11/turn                o - ring of poison resistance

@: no status effects
A: demonic guardian 1, ignite blood 1
a: no special abilities


You were on level 3 of the Dungeon.
You visited 1 branch of the dungeon, and saw 3 of its levels.

You collected 76 gold pieces.

Inventory:

Hand Weapons
 e - a +0 rapier
 f - a +3 short sword (weapon)
Armour
 a - a +0 robe (worn)
 d - a +0 helmet (worn)
Jewellery
 g - a ring of wizardry (left hand)
 m - a +6 ring of intelligence
 o - a ring of poison resistance (right hand)
Scrolls
 c - 3 scrolls of enchant armour {unknown}
 h - a scroll of identify {unknown}
 k - a scroll of enchant weapon {unknown}
 n - a scroll of poison {unknown}
Potions
 b - 2 potions of magic
 i - 4 potions of curing {unknown}
 j - 3 potions of heal wounds {unknown}
 l - 2 potions of mutation {unknown}


   Skills:
 + Level 1.7 Fighting
 + Level 2.6 Dodging
 - Level 1.9 Stealth
 + Level 2.8 Spellcasting
 + Level 1.3 Conjurations
 - Level 2.0 Transmutations
 + Level 3.3 Earth Magic


You had 3 spell levels left.
You knew the following spells:

 Your Spells              Type           Power      Damage    Failure   Level
a - Sandblast             Erth           24%        2d8       1%          1
b - Stone Arrow           Conj/Erth      18%        3d8       9%          3
c - Passwall              Tmut/Erth      8%         N/A       4%          2

Your spell library contained the following spells:

 Spells                   Type           Power      Damage    Failure   Level
 Apportation              Tloc           4%         N/A       8%          1
 Necrotise                Necr           8%         1d4       8%          1
 Summon Small Mammal      Summ           8%         N/A       8%          1
 Petrify                  Tmut/Erth      10%        N/A       26%         4


Dungeon Overview and Level Annotations

Branches:
Dungeon (3/15)

Altars:
Cheibriados

Shops:
D:2 =


Innate Abilities, Weirdness & Mutations

A weak demonic guardian rushes to your aid.
Your demonic aura sometimes causes spilled blood to erupt in flames.


Message History

The orc hits your iron imp with a +0 hand axe.
Your iron imp misses the orc.
The orc hits your iron imp with a +0 hand axe.
You see here an adder skeleton.
Something barely misses your iron imp.
Items here: )) [[ †.
Your iron imp hits the orc.
The orc hits your iron imp but does no damage.
Your iron imp hits the orc.
The orc hits your iron imp but does no damage.
Your iron imp hits the orc!
The orc dies!
The orc hits your iron imp but does no damage.
Your iron imp resists with significant effort.
Something barely misses your iron imp.
You swap places.
The orc priest calls down the wrath of Beogh upon you.
Beogh smites you!
* * * LOW HITPOINT WARNING * * *
A demonic guardian appears!
Items here: )) [[ †.
Aiming: Sandblast (safe; 1% risk of failure)
Press: ? - help, Q - select action, (/) - cycle Shift-Dir - straight line, f - orc
Aim: an orc, wielding a +0 club and wearing a +0 leather armour (ally target, 82% to hit)
The blast of sand hits the orc!
You kill the orc!
The orc priest hits you with a +0 hand axe.
* * * LOW HITPOINT WARNING * * *
Aiming: Sandblast (safe; 1% risk of failure)
Press: ? - help, Q - select action, (/) - cycle Shift-Dir - straight line, f - orc priest
Aim: an orc priest, wielding a +0 hand axe (ally target, 82% to hit)
The blast of sand hits the orc priest!
The orc priest is heavily wounded.
The orc priest hits you with a +0 hand axe.
* * * LOW HITPOINT WARNING * * *
A demonic guardian appears!
You hit the orc priest.
The orc priest is severely wounded.
The orc priest hits you with a +0 hand axe!
You die...

..................~≈≈~~# #..
..................~~≈≈~# #..
...............o...#~≈≈~#####..
...............#..88~≈≈~~88....
..................o............
.............)#................
.............)##..88~~≈≈~88..#.
..........)..o#######~≈≈~~##...
......†..)####@5...##~~≈≈~##...
###...)..# #5....###~≈≈~##...
#......# #5.......~≈≈~~....
..........####........~~≈≈~.###
......................<~≈≈~.###
.......................~≈≈~....
....#..................~≈≈~~###
....#.....#............~~≈≈~...
... #.....#.#####......#~≈≈~...


You could see an orc priest (ally target), 2 friendly iron imps and a friendly
shadow imp (summoned).

Vanquished Creatures
  2 orc wizards (D:3)
  5 adders
  3 worms
  A dart slug (D:2)
  7 orcs (D:3)
  4 ball pythons
  8 endoplasms
  A giant cockroach (D:2)
  4 hobgoblins
  2 jackals (D:1)
  5 quokkas
  A bat (D:1)
  A frilled lizard (D:2)
  4 goblins
  7 kobolds
  4 rats
59 creatures vanquished.

Vanquished Creatures (collateral kills)
  An orc (D:3)
1 creature vanquished.

Grand Total: 60 creatures vanquished

Notes
Turn   | Place    | Note
-------+----------+-------------------------------------------
     0 | D:1      | voltaire321 the Demonspawn Earth Elementalist began the
                  | quest for the Orb.
     0 | D:1      | Reached XP level 1. HP: 13/13 MP: 3/3
   116 | D:1      | Reached skill level 1 in Transmutations
   266 | D:1      | Gained mutation: Your demonic aura sometimes causes spilled
                  | blood to erupt in flames. [demonic ancestry]
   266 | D:1      | Reached XP level 2. HP: 19/19 MP: 3/5
   880 | D:2      | Found Oxemaix's Jewellery Shoppe.
   983 | D:2      | Reached skill level 3 in Earth Magic
   983 | D:2      | Reached XP level 3. HP: 25/25 MP: 2/6
  1210 | D:2      | Found a faded altar of an unknown god.
  1333 | D:2      | Learned a level 3 spell: Stone Arrow
  1487 | D:2      | Reached skill level 1 in Fighting
  1714 | D:2      | Gained mutation: A weak demonic guardian rushes to your
                  | aid. [demonic ancestry]
  1714 | D:2      | Reached XP level 4. HP: 32/32 MP: 4/7
  1873 | D:2      | Learned a level 2 spell: Passwall
  2031 | D:3      | Found a snail-covered altar of Cheibriados.
  2380 | D:3      | Reached skill level 1 in Conjurations
  2390 | D:3      | Reached XP level 5. HP: 10/37 MP: 1/9
  2474 | D:3      | HP: 1/38 [orc priest/+0 hand axe (5)]
  2476 | D:3      | Mangled by an orc priest

Illustrated notes

Levels and vault maps discovered:
D:1:      lightli_iron_boxes, layout_loops_ring
D:2:      layout_basic, serial_shops, nicolae_shop_advertising_works
          [nicolae_subvault_shop_adworks], chequers_ecumenical_altar_island,
          chequers_serial_rivers_micro_a
D:3:      wander_river, layout_basic, cheibriados_altar_1,
          minmay_misc_feat_enclosed

Skill      XL: |  1  2  3  4  5 |
---------------+----------------+-----
Transmutations | 1 2 |  2.0
Dodging        | 2 |  2.6
Earth Magic    | 3 |  3.3
Fighting       | 1 |  1.7
Conjurations   | 1 |  1.3
Stealth        | |  1.9
Spellcasting   | |  2.8

Action                     |  1- 3 |  4- 6 || total
---------------------------+-------+-------++-------
  Melee: Rapier            |     5 |       ||     5
         Short sword       |    12 |    28 ||    40
   Cast: Sandblast         |    60 |    32 ||    92
   Stab: Sleeping          |     2 |     1 ||     3
 Armour: Robe              |     4 |     9 ||    13
  Dodge: Dodged            |    23 |    11 ||    34

Table legend: (Time is in decaauts)
 A = Elapsed time spent in this place.
 B = Non-inter-level travel time spent in this place.
 C = Inter-level travel time spent in this place.
 D = Time resting spent in this place.
 E = Time spent auto-exploring this place.
 F = Levels seen in this place.
 G = Mean time per level.
                   A        B        C        D        E       F      G
               +--------+--------+--------+--------+--------+-----+--------+
         Total |   2530 |   2477 |     53 |    188 |   1792 |   3 |  843.3 |
       Dungeon |   2530 |   2477 |     53 |    188 |   1792 |   3 |  843.3 |
               +--------+--------+--------+--------+--------+-----+--------+

Top non-repeatable levels by time:
     D:2: 1107 daAuts
     D:1: 892 daAuts
     D:3: 530 daAuts
